 Dungeon Crawl Stone Soup version 0.26.0-45-g9c1d065592 (webtiles) character file.

Game seed: 12623048693005091289

121 thiole the Sneak (level 5, 0/31 HPs)
             Began as an Octopode Hedge Wizard on Jan 27, 2021.
             Succumbed to an adder's poison
             ... on level 2 of the Dungeon.
             The game lasted 00:03:45 (2736 turns).

thiole the Sneak (Octopode Hedge Wizard)            Turns: 2736, Time: 00:03:45

Health: 0/31       AC:  2    Str:  9    XL:     5   Next: 5%
Magic:  2/10       EV: 13    Int: 17    God:
Gold:   63         SH:  0    Dex: 12    Spells: 3/11 levels left

rFire    . . .     SeeInvis .   q - +2 dagger (flame)
rCold    . . .     Faith    .   (no shield)
rNeg     . . .     Spirit   .   b - +0 hat
rPois    .         Reflect  .   (no amulet)
rElec    .         Harm     .   (no ring)
rCorr    .         Rampage  .   (no ring)
Will     .....     Rnd*Rage +   (no ring)
Stlth    ++++......             (no ring)
HPRegen  0.10/turn              (no ring)
MPRegen  0.12/turn              (no ring)
                                (no ring)
                                (no ring)

@: mighty, lethally poisoned (0 -> -6), berserk cooldown, slowed, very slow
A: almost no armour, stealthy swim, amphibious, 8 rings, constrict 8, rugged
brown scales 1, camouflage 1, berserk 1, gelatinous body 1
a: no special abilities


You were on level 2 of the Dungeon.
You visited 1 branch of the dungeon, and saw 2 of its levels.

You collected 63 gold pieces.

Inventory:

Hand Weapons
 a - a +0 dagger
 q - a +2 dagger of flaming (weapon)
Missiles
 j - 33 stones
Armour
 b - a +0 hat (worn)
Scrolls
 d - a scroll of remove curse {unknown}
 f - 2 scrolls of teleportation {unknown}
 g - a scroll of noise {unknown}
 h - a scroll of immolation {unknown}
 i - 2 scrolls of fear {unknown}
 n - a scroll of amnesia {unknown}
 o - 3 scrolls of identify {unknown}
Potions
 e - a potion of heal wounds {unknown}
 k - a potion of haste {unknown}
 l - a potion of might
 m - a potion of curing {unknown}
 p - a potion of berserk rage


   Skills:
 - Level 2.0 Dodging
 + Level 4.6 Stealth
 + Level 3.7 Spellcasting
 - Level 2.0 Conjurations
 - Level 2.0 Summonings
 - Level 1.0 Translocations
 * Level 0.3 Air Magic
 * Level 0.4 Poison Magic


You had 3 spell levels left.
You knew the following spells:

 Your Spells              Type           Power        Failure   Level
a - Magic Dart            Conj           40%          7%          1
b - Call Imp              Summ           10%          11%         2
c - Blink                 Tloc           N/A          16%         2
d - Mephitic Cloud        Conj/Pois/Air  6%           32%         3

Your spell library contained the following spells:

 Spells                   Type           Power        Failure   Level
 Slow                     Hex            3%           24%         2
 Conjure Flame            Conj/Fire      6%           32%         3


Dungeon Overview and Level Annotations

Branches:
Dungeon (2/15)

Altars:
Nemelex Xobeh


Innate Abilities, Weirdness & Mutations

You cannot wear most types of armour.
You are very stealthy in the water. (Stealth+)
You are amphibious.
You can wear up to eight rings at the same time.
You can use your tentacles to constrict eight enemies at once.
Your skin changes colour to match your surroundings (Stealth+).
Your rubbery body absorbs attacks. (AC +1, EV +1)
You are partially covered in rugged brown scales. (AC +1, +3% HP)
You tend to lose your temper in combat.


Message History

A red film seems to cover your vision as you go berserk!
You feel yourself moving faster!
You feel mighty!
* * * LOW HITPOINT WARNING * * *
You feel sick.
You feel a strong urge to attack something.
Items here: $ ( [ †.
* * * LOW HITPOINT WARNING * * *
You feel sick.
Things that are here:
a +0 whip; a stone; a kobold corpse You feel your anger nearly subside.
You are no longer berserk.
You are exhausted.
You feel yourself slow down.
* * * LOW HITPOINT WARNING * * *
You feel sick.
Unknown command.
It was a potion of mutation.
You feel extremely strange.
You feel a little pissed off.
Rugged brown scales grow over part of your body.
You die...

.###.# ##...# .....#
###...#..# .######.
#####...####.##
........###.....###..#..#
..#######...##.##....##.##
#.# ###...#..#..#.....#..#
#.###..)####.##.##....##†##
#.†...###..#..#.....###..(#
#.##.##.)..##.##@####...#†#
#..#..#..[..#..#..#(.(###.#
##.##.##....##.##.).###÷†.##
..#..#..#.#†..#.###...#..#
#.##.####...#####...####.##
..#..#...###.#...#.#..#..#
##...###...##.##....##.##
#.###...#).#..#.....#..#
#.#†..####.##.##....##.##..


There were no monsters in sight!

Vanquished Creatures
  6 adders (D:2)
  2 oozes
  A worm (D:2)
  3 leopard geckos (D:2)
  A giant cockroach (D:1)
  8 goblins
  4 hobgoblins
  9 jackals
  A quokka (D:2)
  6 bats
  2 frilled lizards (D:1)
  4 kobolds
  8 rats
55 creatures vanquished.

Notes
Turn   | Place    | Note
-------+----------+-------------------------------------------
     0 | D:1      | thiole the Octopode Hedge Wizard began the quest for the
                  | Orb.
     0 | D:1      | Reached XP level 1. HP: 11/11 MP: 4/4
    48 | D:1      | Reached XP level 2. HP: 3/17 MP: 0/6
   625 | D:1      | Reached skill level 3 in Stealth
   899 | D:1      | Reached XP level 3. HP: 21/21 MP: 4/7
  1337 | D:1      | Found a sparkling altar of Nemelex Xobeh.
  1744 | D:2      | Reached XP level 4. HP: 9/27 MP: 2/9
  1949 | D:2      | Reached skill level 4 in Stealth
  2701 | D:2      | Learned a level 2 spell: Call Imp
  2704 | D:2      | Learned a level 2 spell: Blink
  2708 | D:2      | Learned a level 3 spell: Mephitic Cloud
  2727 | D:2      | Reached XP level 5. HP: 8/31 MP: 1/10
  2735 | D:2      | HP: 1/31 [poisoned by an adder]
  2736 | D:2      | Gained mutation: You tend to lose your temper in combat.
                  | [potion of mutation]
  2736 | D:2      | Gained mutation: You are partially covered in rugged brown
                  | scales. (AC +1, +3% HP) [potion of mutation]
  2736 | D:2      | Succumbed to an adder's poison

Illustrated notes

Levels and vault maps discovered:
D:1:      lightli_arrival_statuegarden, layout_basic,
          nemelex_diamond_rough_becter
D:2:      minmay_skewed_foursquare, layout_basic, old_standard_altar,
          chequers_ecumenical_altar_simple_redux

Skill      XL: |  1  2  3  4 |
---------------+-------------+-----
Stealth        | 3 4 |  4.6
Conjurations   | 2 |  2.0
Summonings     | 2 |  2.0
Dodging        | |  2.0
Spellcasting   | |  3.7
Translocations | |  1.0
Air Magic      | |  0.3
Poison Magic   | |  0.4

Action                   |  1- 3 |  4- 6 || total
-------------------------+-------+-------++-------
Melee: Dagger            |    36 |    26 ||    62
       Constrict         |     7 |     7 ||    14
       Tentacles         |     6 |     2 ||     8
 Cast: Magic Dart        |    70 |    61 ||   131
  Use: Potion            |       |     3 ||     3
Armor: Skin              |     4 |     2 ||     6
Dodge: Dodged            |    47 |    21 ||    68
